MapleLeafs vs Flyers

Created - December-05-12 at 18:19

Goals
1 2 3 OT1 SO T
MapleLeafs 2 1 0 0 2 4
Flyers 2 0 1 0 1 3
Shots
1 2 3 OT1 SO T
MapleLeafs 13 9 10 1 4 33
Flyers 8 15 12 0 4 35

1st period

1. Flyers , Justin Williams 7 (Chris Pronger, Kevin Bieksa) at 0:34
2. Flyers , Kyle Okposo 8 (Nikolai Kulemin) at 1:08
3. MapleLeafs , Patrick Marleau 9 (Mike Fisher, Hal Gill) at 13:12
4. MapleLeafs , Evgeni Malkin 12 (Mike Fisher, Drew Doughty) at 19:02 (PP)

Penalties :
Derek Dorsett (TOR) for Tripping (Minor) at 1:26, Vincent Lecavalier (TOR) for Slashing (Minor) at 4:26, Chris Pronger (PHI) for Tripping (Minor) at 6:50, Nikolai Kulemin (PHI) for Hooking (Minor) at 17:08

2nd period

5. MapleLeafs , Vincent Lecavalier 4 (Drew Doughty, Adam Henrique) at 4:08

Penalties :
Derek Dorsett (TOR) for Slashing (Minor) at 4:37, Greg Zanon (TOR) for Roughing (Minor) at 8:54, Kyle Brodziak (PHI) for Hooking (Minor) at 13:03

3rd period

6. Flyers , Philip Larsen 2 (Marc-Andre Bergeron, Justin Williams) at 16:40 (PP)

Penalties :
Derek Dorsett (TOR) for Interference (Minor) at 1:42, Drew Doughty (TOR) for Checking from behind (Major / Game Misconduct) at 16:27, Jonathan Ericsson (TOR) for Holding (Minor) at 16:34

Overtime #1

No Goal

Penalties :
No Penalty

Shootout

Penalty Shot by Evgeni Malkin for MapleLeafs - Stopped by Devan Dubnyk
Penalty Shot by Marc-Andre Bergeron for Flyers - Stopped by Ryan Miller
Penalty Shot by Kris Versteeg for MapleLeafs - Shot Misses the Net
Penalty Shot by Justin Williams for Flyers - Shot Misses the Net
Penalty Shot by Mike Fisher for MapleLeafs - Goal!
Penalty Shot by Kyle Okposo for Flyers - Goal!
Penalty Shot by Patrick Marleau for MapleLeafs - Goal!
Penalty Shot by Steve Sullivan for Flyers - Stopped by Ryan Miller

Penalties :
No Penalty

Goalie Stats

Ryan Miller (TOR), 32 saves from 35 shots - (0.914), W, 12-10-4, 65:00 minutes
Devan Dubnyk (PHI), 30 saves from 33 shots - (0.909), OTL, 10-9-1, 65:00 minutes

Players Stats for MapleLeafs

Player Name              G  A  P  +/- PIM S  H  SB GA TA FO     MP     PP MP  PK MP  
------------------------------------------------------------------------------------
Adam Hall                0  0  0   0  0   0  0  0  0  0  6/18   16:40   0:00   8:24 
Adam Henrique            0  1  1   0  0   4  2  0  0  0  1/1    19:57   2:19   5:59 
Chuck Kobasew            0  0  0   0  0   0  0  0  0  0  0/0     7:13   0:00   0:00 
Derek Dorsett            0  0  0   0  6   3  1  0  0  0  6/11    8:16   0:00   0:00 
Drew Doughty             0  2  2   0  15  2  1  0  0  0  0/0    22:37   3:20   4:16 
Evgeni Malkin            1  0  1   0  0   2  0  0  0  0  1/1    26:33   3:33   7:22 
Greg Zanon               0  0  0   0  2   0  4  2  0  0  0/0    17:37   0:03   6:21 
Hal Gill                 0  1  1   0  0   1  0  1  0  0  0/0    22:15   2:29   7:54 
Jay Harrison             0  0  0   0  0   3  2  0  0  0  0/0    20:24   2:29   0:33 
Jonathan Ericsson        0  0  0   0  2   1  0  1  0  0  0/0    19:11   0:03   2:49 
Jordin Tootoo            0  0  0   0  0   0  2  1  0  0  0/0     8:16   0:00   0:00 
Kris Versteeg            0  0  0   0  0   3  2  0  0  0  0/1    13:58   2:19   0:00 
Mike Fisher              0  2  2   0  0   4  5  0  0  0  19/37  25:36   3:33   6:28 
Patrick Marleau          1  0  1   0  0   7  0  0  0  0  1/3    18:36   3:33   0:02 
Philippe Dupuis          0  0  0   0  0   0  0  0  0  0  0/0     7:13   0:00   0:00 
Vernon Fiddler           0  0  0   0  0   1  0  0  0  0  6/7     7:13   0:00   0:00 
Victor Hedman            0  0  0   0  0   1  2  1  0  0  0/0    27:53   3:20   7:54 
Vincent Lecavalier       1  0  1   0  2   1  1  0  0  0  15/21  15:25   2:19   0:00 

Players Stats for Flyers

Player Name              G  A  P  +/- PIM S  H  SB GA TA FO     MP     PP MP  PK MP  
------------------------------------------------------------------------------------
Andreas Lilja            0  0  0  -1  0   0  4  0  0  0  0/0    10:57   0:00   0:00 
Brian Lee                0  0  0   1  0   0  0  0  0  0  0/0    16:15   0:33   1:02 
Chris Pronger            0  1  1   0  2   3  4  1  0  0  0/0    28:21   6:37   2:41 
David Steckel            0  0  0  -1  0   1  2  0  0  0  15/25  18:16   6:10   1:47 
Gabriel Bourque          0  0  0  -1  0   4  0  0  0  0  1/3     8:54   0:00   0:31 
Jack Skille              0  0  0  -1  0   1  0  0  0  0  0/0     8:08   0:00   0:00 
John Madden              0  0  0   0  0   0  0  0  0  0  2/9     7:34   0:00   0:41 
Justin Williams          1  1  2   1  0   5  2  1  0  0  3/5    25:49   7:17   3:34 
Kevin Bieksa             0  1  1   0  0   1  7  3  0  0  0/0    29:35   7:10   3:43 
Kyle Brodziak            0  0  0   1  2   1  3  0  0  0  17/39  25:20   7:17   2:32 
Kyle Okposo              1  0  1   0  0   7  1  0  0  0  5/13   23:05   6:10   1:47 
Luke Schenn              0  0  0   1  0   2  1  0  0  0  0/0    23:57   6:17   2:09 
Marc-Andre Bergeron      0  1  1   1  0   3  0  0  0  0  0/3    21:41   7:17   0:52 
Mike Santorelli          0  0  0   0  0   0  0  0  0  0  0/1     6:38   0:00   0:00 
Niklas Hagman            0  0  0   0  0   1  3  0  0  0  0/0     6:38   0:00   0:00 
Nikolai Kulemin          0  1  1   0  2   0  3  0  0  0  0/0    12:56   0:00   0:00 
Philip Larsen            1  0  1  -1  0   2  0  1  0  0  0/0    20:54   6:17   2:09 
Steve Sullivan           0  0  0   0  0   4  0  0  0  0  2/2    19:07   6:10   0:00 

3 Stars

1 - Justin Williams (PHI)
2 - Mike Fisher (TOR)
3 - Kevin Bieksa (PHI)

Power Play

MapleLeafs - 1 on 3 Attempt(s) - 33.33%
Flyers - 1 on 7 Attempt(s) - 14.29%

Penalty Kill

MapleLeafs - 6 on 7 Attempt(s) - 85.71% - Score 0 goal in Penalty Kill
Flyers - 2 on 3 Attempt(s) - 66.67% - Score 0 goal in Penalty Kill

Official

Referees : Mark Lemelin and Jean Hebert
Linesman : Scott Driscoll and Brian Mach

Game Notes

Drew Doughty ejected from game at 16:27 of 3rd period

Finance

Level 1 -- Attendance: 2551 (39.25%) -- Ticket Income $637,750
Level 2 -- Attendance: 1452 (29.04%) -- Ticket Income $361,548
Level 3 -- Attendance: 876 (25.03%) -- Ticket Income $175,200
Level 4 -- Attendance: 532 (15.04%) -- Ticket Income $105,868
Luxury Box -- Attendance: 432 (43.20%) -- Ticket Income $194,400
Game was played at the Wells Fargo Center
Total Attendance: 5843 (29.91%)
Total Ticket Income: $1,474,766
Other Income: $221,215
Total Income: $1,695,981


% Time on Ice - MapleLeafs

Lines # - Real PCT - Wanted PCT - Time Play
Normal Forward
1 - 33% - 32% - 13:33
2 - 29% - 30% - 11:39
3 - 20% - 22% - 8:16
4 - 18% - 16% - 7:13
Normal Defense
1 - 37% - 33% - 15:02
2 - 26% - 27% - 10:25
3 - 25% - 24% - 10:19
4 - 12% - 16% - 4:55
PP Forward
1 - 61% - 53% - 3:33
2 - 39% - 47% - 2:19
PP Defense
1 - 58% - 54% - 3:23
2 - 42% - 46% - 2:29
PK Forward
1 - 55% - 53% - 7:22
2 - 45% - 47% - 5:59
PK Defense
1 - 53% - 53% - 7:07
2 - 47% - 47% - 6:14
PK3 Forward
1 - 69% - 60% - 1:04
2 - 31% - 40% - 0:29
PK3 Defense
1 - 51% - 52% - 0:47
2 - 49% - 48% - 0:46
44 Forward
1 - 59% - 60% - 2:05
2 - 41% - 40% - 1:28
44 Defense
1 - 61% - 60% - 2:09
2 - 39% - 40% - 1:24
Last Minute Offensive  - 0:00
Last Minute Defensive  - 0:00
Total
Forward - 65:00
Defense - 65:00

% Time on Ice - Flyers

Lines # - Real PCT - Wanted PCT - Time Play
Normal Forward
1 - 32% - 35% - 12:58
2 - 32% - 30% - 12:57
3 - 20% - 20% - 8:08
4 - 16% - 15% - 6:38
Normal Defense
1 - 40% - 40% - 16:08
2 - 34% - 35% - 13:51
3 - 26% - 20% - 10:42
4 - 0% - 5% - 0:00
PP Forward
1 - 54% - 50% - 7:17
2 - 46% - 50% - 6:10
PP Defense
1 - 53% - 60% - 7:10
2 - 47% - 40% - 6:17
PK Forward
1 - 70% - 55% - 4:05
2 - 30% - 45% - 1:47
PK Defense
1 - 63% - 60% - 3:43
2 - 37% - 40% - 2:09
PK3 Forward
1 - 0% - 60%
2 - 0% - 40%
PK3 Defense
1 - 0% - 60%
2 - 0% - 40%
44 Forward
1 - 51% - 50% - 2:34
2 - 49% - 50% - 2:26
44 Defense
1 - 62% - 60% - 3:05
2 - 38% - 40% - 1:55
Last Minute Offensive  - 0:00
Last Minute Defensive  - 0:00
Total
Forward - 65:00
Defense - 65:00

Play by Play

1st period


0:01 of 1st period - Justin Williams wins face-off versus Mike Fisher in neutral zone.
0:34 of 1st period - Shot by Justin Williams.
0:34 of 1st period - Goal by Justin Williams - MapleLeafs : 0 - Flyers : 1.
0:35 of 1st period - Vincent Lecavalier wins face-off versus Kyle Okposo in neutral zone.
1:08 of 1st period - Shot by Kyle Okposo.
1:08 of 1st period - Goal by Kyle Okposo - MapleLeafs : 0 - Flyers : 2.
1:09 of 1st period - David Steckel wins face-off versus Derek Dorsett in neutral zone.
1:13 of 1st period - Gabriel Bourque is hit by Greg Zanon and loses puck.
1:20 of 1st period - Philip Larsen is hit by Jordin Tootoo and loses puck.
1:26 of 1st period - Minor Penalty to Derek Dorsett for Tripping.
1:27 of 1st period - Kyle Brodziak wins face-off versus Adam Hall in MapleLeafs zone.
1:30 of 1st period - Shot by Kevin Bieksa.
1:30 of 1st period - Deflect By Justin Williams.
1:30 of 1st period - Shot Misses the Net.
2:43 of 1st period - Off-side.
2:44 of 1st period - David Steckel wins face-off versus Adam Hall in neutral zone.
2:54 of 1st period - Kyle Okposo is hit by Victor Hedman and loses puck.
3:37 of 1st period - Chuck Kobasew is hit by Chris Pronger and loses puck.
4:26 of 1st period - Minor Penalty to Vincent Lecavalier for Slashing.
4:27 of 1st period - Kyle Brodziak wins face-off versus Adam Hall in MapleLeafs zone.
4:55 of 1st period - Shot by Kevin Bieksa.
4:55 of 1st period - Stopped by Ryan Miller with a rebound.
5:29 of 1st period - Shot by Kyle Okposo.
5:29 of 1st period - Deflect By Steve Sullivan.
5:29 of 1st period - Stopped by Ryan Miller without a rebound.
5:30 of 1st period - Mike Fisher wins face-off versus Kyle Brodziak in MapleLeafs zone.
5:30 of 1st period - Mike Fisher is hit by Kyle Brodziak.
6:46 of 1st period - Philippe Dupuis is hit by Chris Pronger and loses puck.
6:50 of 1st period - Minor Penalty to Chris Pronger for Tripping.
6:51 of 1st period - Vincent Lecavalier wins face-off versus Justin Williams in Flyers zone.
7:07 of 1st period - Icing by Kris Versteeg.
7:08 of 1st period - Vincent Lecavalier wins face-off versus Kyle Brodziak in MapleLeafs zone.
7:08 of 1st period - Vincent Lecavalier is hit by Justin Williams.
7:17 of 1st period - Shot by Vincent Lecavalier.
7:17 of 1st period - Shot Misses the Net.
7:19 of 1st period - Shot by Victor Hedman.
7:19 of 1st period - Stopped by Devan Dubnyk without a rebound.
7:20 of 1st period - David Steckel wins face-off versus Mike Fisher in Flyers zone.
7:20 of 1st period - David Steckel is hit by Mike Fisher.
7:52 of 1st period - Shot by Kyle Brodziak.
7:52 of 1st period - Shot Misses the Net.
7:54 of 1st period - Shot by Kevin Bieksa.
7:54 of 1st period - Shot Misses the Net.
7:56 of 1st period - Shot by Kyle Brodziak.
7:56 of 1st period - Stopped by Ryan Miller without a rebound.
7:57 of 1st period - Vincent Lecavalier wins face-off versus David Steckel in MapleLeafs zone.
8:20 of 1st period - Shot by Vincent Lecavalier.
8:20 of 1st period - Deflect By Adam Henrique.
8:20 of 1st period - Stopped by Devan Dubnyk without a rebound.
8:21 of 1st period - Mike Fisher wins face-off versus Kyle Brodziak in Flyers zone.
8:26 of 1st period - Shot by Jay Harrison.
8:26 of 1st period - Stopped by Devan Dubnyk without a rebound.
8:27 of 1st period - Mike Fisher wins face-off versus Kyle Brodziak in Flyers zone.
8:36 of 1st period - Shot by Victor Hedman.
8:36 of 1st period - Shot Misses the Net.
8:43 of 1st period - Icing by Patrick Marleau.
8:44 of 1st period - Kyle Brodziak wins face-off versus Mike Fisher in MapleLeafs zone.
9:02 of 1st period - Icing by Adam Henrique.
9:03 of 1st period - Kyle Brodziak wins face-off versus Kris Versteeg in MapleLeafs zone.
9:32 of 1st period - Shot by Marc-Andre Bergeron.
9:32 of 1st period - Stopped by Ryan Miller without a rebound.
9:33 of 1st period - Mike Fisher wins face-off versus Kyle Okposo in MapleLeafs zone.
9:33 of 1st period - Mike Fisher is hit by Nikolai Kulemin.
10:08 of 1st period - Mike Fisher is hit by Chris Pronger and loses puck.
10:14 of 1st period - Evgeni Malkin is hit by Kevin Bieksa and loses puck.
10:17 of 1st period - Shot by Mike Fisher.
10:17 of 1st period - Shot Misses the Net.
10:45 of 1st period - Marc-Andre Bergeron is hit by Jay Harrison and loses puck.
11:31 of 1st period - Jack Skille is hit by Greg Zanon and loses puck.
11:35 of 1st period - Jack Skille is hit by Greg Zanon and loses puck.
11:52 of 1st period - Shot by Gabriel Bourque.
11:52 of 1st period - Stopped by Ryan Miller without a rebound.
11:53 of 1st period - John Madden wins face-off versus Mike Fisher in MapleLeafs zone.
12:04 of 1st period - Shot by Niklas Hagman.
12:04 of 1st period - Stopped by Ryan Miller without a rebound.
12:05 of 1st period - Kyle Okposo wins face-off versus Vernon Fiddler in MapleLeafs zone.
12:53 of 1st period - Icing by Andreas Lilja.
12:54 of 1st period - Kyle Okposo wins face-off versus Mike Fisher in Flyers zone.
12:54 of 1st period - Kyle Okposo is hit by Mike Fisher.
13:12 of 1st period - Shot by Patrick Marleau.
13:12 of 1st period - Goal by Patrick Marleau - MapleLeafs : 1 - Flyers : 2.
13:13 of 1st period - Vincent Lecavalier wins face-off versus Kyle Brodziak in neutral zone.
13:45 of 1st period - Shot by Adam Henrique.
13:45 of 1st period - Deflect By Vincent Lecavalier.
13:45 of 1st period - Shot Misses the Net.
13:47 of 1st period - Shot by Kris Versteeg.
13:47 of 1st period - Stopped by Devan Dubnyk without a rebound.
13:48 of 1st period - Gabriel Bourque wins face-off versus Mike Fisher in Flyers zone.
13:54 of 1st period - Off-side.
13:55 of 1st period - David Steckel wins face-off versus Mike Fisher in neutral zone.
14:46 of 1st period - Victor Hedman is hit by Kevin Bieksa and loses puck.
15:26 of 1st period - Hal Gill is hit by Kevin Bieksa and loses puck.
15:50 of 1st period - Icing by Steve Sullivan.
15:51 of 1st period - Vincent Lecavalier wins face-off versus Kyle Okposo in Flyers zone.
15:51 of 1st period - Vincent Lecavalier is hit by Andreas Lilja.
17:08 of 1st period - Minor Penalty to Nikolai Kulemin for Hooking.
17:09 of 1st period - Mike Fisher wins face-off versus Kyle Brodziak in Flyers zone.
17:10 of 1st period - Shot by Evgeni Malkin.
17:10 of 1st period - Shot Misses the Net.
17:12 of 1st period - Shot by Evgeni Malkin.
17:12 of 1st period - Deflect By Mike Fisher.
17:12 of 1st period - Stopped by Devan Dubnyk without a rebound.
17:13 of 1st period - Mike Fisher wins face-off versus Kyle Brodziak in Flyers zone.
17:14 of 1st period - Shot by Drew Doughty.
17:14 of 1st period - Stopped by Devan Dubnyk without a rebound.
17:15 of 1st period - Patrick Marleau wins face-off versus Justin Williams in Flyers zone.
17:16 of 1st period - Shot by Mike Fisher.
17:16 of 1st period - Shot Blocked by Kevin Bieksa.
17:32 of 1st period - Shot by Drew Doughty.
17:32 of 1st period - Stopped by Devan Dubnyk without a rebound.
17:33 of 1st period - Kyle Brodziak wins face-off versus Vincent Lecavalier in Flyers zone.
17:58 of 1st period - Shot by Vincent Lecavalier.
17:58 of 1st period - Shot Blocked by Chris Pronger.
18:00 of 1st period - Shot by Jay Harrison.
18:00 of 1st period - Shot Blocked by Justin Williams.
18:02 of 1st period - Shot by Hal Gill.
18:02 of 1st period - Shot Blocked by Kevin Bieksa.
18:04 of 1st period - Shot by Jay Harrison.
18:04 of 1st period - Shot Blocked by Kevin Bieksa.
18:06 of 1st period - Shot by Vincent Lecavalier.
18:06 of 1st period - Shot Misses the Net.
18:08 of 1st period - Shot by Hal Gill.
18:08 of 1st period - Stopped by Devan Dubnyk without a rebound.
18:09 of 1st period - Mike Fisher wins face-off versus David Steckel in Flyers zone.
18:10 of 1st period - Shot by Evgeni Malkin.
18:10 of 1st period - Shot Misses the Net.
18:12 of 1st period - Shot by Evgeni Malkin.
18:12 of 1st period - Shot Misses the Net.
18:14 of 1st period - Shot by Mike Fisher.
18:14 of 1st period - Stopped by Devan Dubnyk without a rebound.
18:15 of 1st period - Kyle Okposo wins face-off versus Mike Fisher in Flyers zone.
18:38 of 1st period - Shot by Evgeni Malkin.
18:38 of 1st period - Shot Misses the Net.
18:58 of 1st period - Shot by Evgeni Malkin.
18:58 of 1st period - Shot Misses the Net.
19:00 of 1st period - Shot by Drew Doughty.
19:00 of 1st period - Shot Misses the Net.
19:02 of 1st period - Shot by Mike Fisher.
19:02 of 1st period - Deflect By Evgeni Malkin.
19:02 of 1st period - Goal by Evgeni Malkin - MapleLeafs : 2 - Flyers : 2.
19:03 of 1st period - Derek Dorsett wins face-off versus John Madden in neutral zone.
19:06 of 1st period - Shot by Jay Harrison.
19:06 of 1st period - Stopped by Devan Dubnyk without a rebound.
19:07 of 1st period - Derek Dorsett wins face-off versus John Madden in Flyers zone.
19:11 of 1st period - Icing by Chris Pronger.
19:12 of 1st period - Vincent Lecavalier wins face-off versus John Madden in Flyers zone.
19:15 of 1st period - Shot by Kris Versteeg.
19:15 of 1st period - Stopped by Devan Dubnyk with a rebound.
19:20 of 1st period - Chris Pronger is hit by Vincent Lecavalier and loses puck.
19:41 of 1st period - John Madden is hit by Kris Versteeg and loses puck.

2nd period


0:01 of 2nd period - Mike Fisher wins face-off versus Kyle Brodziak in neutral zone.
0:10 of 2nd period - Shot by Evgeni Malkin.
0:10 of 2nd period - Stopped by Devan Dubnyk without a rebound.
0:11 of 2nd period - David Steckel wins face-off versus Derek Dorsett in Flyers zone.
1:27 of 2nd period - Shot by Justin Williams.
1:27 of 2nd period - Stopped by Ryan Miller without a rebound.
1:28 of 2nd period - Vincent Lecavalier wins face-off versus Kyle Okposo in MapleLeafs zone.
1:45 of 2nd period - Shot by Steve Sullivan.
1:45 of 2nd period - Deflect By Kyle Okposo.
1:45 of 2nd period - Stopped by Ryan Miller with a rebound.
1:51 of 2nd period - Andreas Lilja is hit by Kris Versteeg and loses puck.
2:19 of 2nd period - Evgeni Malkin is hit by Nikolai Kulemin and loses puck.
3:19 of 2nd period - Icing by Greg Zanon.
3:20 of 2nd period - David Steckel wins face-off versus Derek Dorsett in MapleLeafs zone.
3:26 of 2nd period - Off-side.
3:27 of 2nd period - Vincent Lecavalier wins face-off versus David Steckel in neutral zone.
3:30 of 2nd period - Kevin Bieksa is hit by Adam Henrique.
3:48 of 2nd period - Shot by Adam Henrique.
3:48 of 2nd period - Shot Misses the Net.
4:08 of 2nd period - Shot by Vincent Lecavalier.
4:08 of 2nd period - Goal by Vincent Lecavalier - MapleLeafs : 3 - Flyers : 2.
4:09 of 2nd period - Kyle Brodziak wins face-off versus Mike Fisher in neutral zone.
4:35 of 2nd period - Icing by Kyle Brodziak.
4:36 of 2nd period - Kyle Brodziak wins face-off versus Adam Hall in Flyers zone.
4:36 of 2nd period - Kyle Brodziak is hit by Jordin Tootoo.
4:37 of 2nd period - Minor Penalty to Derek Dorsett for Slashing.
4:38 of 2nd period - Adam Hall wins face-off versus David Steckel in MapleLeafs zone.
4:38 of 2nd period - Adam Hall is hit by David Steckel.
5:41 of 2nd period - Icing by Marc-Andre Bergeron.
5:42 of 2nd period - Kyle Brodziak wins face-off versus Mike Fisher in Flyers zone.
5:47 of 2nd period - Mike Fisher is hit by Justin Williams and loses puck.
5:57 of 2nd period - Off-side.
5:58 of 2nd period - Mike Fisher wins face-off versus Kyle Brodziak in neutral zone.
6:23 of 2nd period - Shot by Chris Pronger.
6:23 of 2nd period - Stopped by Ryan Miller without a rebound.
6:24 of 2nd period - David Steckel wins face-off versus Adam Hall in MapleLeafs zone.
6:29 of 2nd period - Shot by Luke Schenn.
6:29 of 2nd period - Stopped by Ryan Miller without a rebound.
6:30 of 2nd period - David Steckel wins face-off versus Adam Hall in MapleLeafs zone.
6:35 of 2nd period - Shot by Steve Sullivan.
6:35 of 2nd period - Shot Misses the Net.
6:40 of 2nd period - Greg Zanon is hit by Niklas Hagman and loses puck.
6:51 of 2nd period - Shot by Vernon Fiddler.
6:51 of 2nd period - Stopped by Devan Dubnyk without a rebound.
6:52 of 2nd period - Mike Fisher wins face-off versus Kyle Brodziak in Flyers zone.
6:52 of 2nd period - Mike Fisher is hit by Kevin Bieksa.
6:56 of 2nd period - Shot by Mike Fisher.
6:56 of 2nd period - Stopped by Devan Dubnyk without a rebound.
6:57 of 2nd period - Mike Fisher wins face-off versus Kyle Brodziak in Flyers zone.
8:02 of 2nd period - Shot by Derek Dorsett.
8:02 of 2nd period - Stopped by Devan Dubnyk with a rebound.
8:04 of 2nd period - Shot by Derek Dorsett.
8:04 of 2nd period - Stopped by Devan Dubnyk without a rebound.
8:05 of 2nd period - David Steckel wins face-off versus Derek Dorsett in Flyers zone.
8:14 of 2nd period - Shot by David Steckel.
8:14 of 2nd period - Shot Blocked by Jordin Tootoo.
8:16 of 2nd period - Shot by Gabriel Bourque.
8:16 of 2nd period - Stopped by Ryan Miller without a rebound.
8:17 of 2nd period - Vincent Lecavalier wins face-off versus Kyle Okposo in MapleLeafs zone.
8:41 of 2nd period - Shot by Kyle Okposo.
8:41 of 2nd period - Shot Blocked by Jonathan Ericsson.
8:43 of 2nd period - Shot by Brian Lee.
8:43 of 2nd period - Shot Blocked by Greg Zanon.
8:54 of 2nd period - Minor Penalty to Greg Zanon for Roughing.
8:55 of 2nd period - Justin Williams wins face-off versus Adam Hall in MapleLeafs zone.
9:50 of 2nd period - Icing by David Steckel.
9:51 of 2nd period - David Steckel wins face-off versus Mike Fisher in Flyers zone.
9:58 of 2nd period - Shot by Philip Larsen.
9:58 of 2nd period - Shot Misses the Net.
10:00 of 2nd period - Shot by David Steckel.
10:00 of 2nd period - Stopped by Ryan Miller without a rebound.
10:01 of 2nd period - Adam Hall wins face-off versus David Steckel in MapleLeafs zone.
10:01 of 2nd period - Adam Hall is hit by David Steckel.
10:07 of 2nd period - Off-side.
10:08 of 2nd period - Adam Hall wins face-off versus David Steckel in neutral zone.
10:23 of 2nd period - Shot by Kyle Okposo.
10:23 of 2nd period - Stopped by Ryan Miller without a rebound.
10:24 of 2nd period - Mike Fisher wins face-off versus Kyle Brodziak in MapleLeafs zone.
10:47 of 2nd period - Shot by Justin Williams.
10:47 of 2nd period - Deflect By Marc-Andre Bergeron.
10:47 of 2nd period - Shot Blocked by Victor Hedman.
10:49 of 2nd period - Shot by Marc-Andre Bergeron.
10:49 of 2nd period - Shot Misses the Net.
10:57 of 2nd period - Shot by Kyle Okposo.
10:57 of 2nd period - Stopped by Ryan Miller with a rebound.
12:05 of 2nd period - Shot by Gabriel Bourque.
12:05 of 2nd period - Stopped by Ryan Miller without a rebound.
12:06 of 2nd period - Evgeni Malkin wins face-off versus Kyle Brodziak in MapleLeafs zone.
12:19 of 2nd period - Shot by Patrick Marleau.
12:19 of 2nd period - Stopped by Devan Dubnyk without a rebound.
12:20 of 2nd period - Derek Dorsett wins face-off versus David Steckel in Flyers zone.
12:20 of 2nd period - Victor Hedman is hit by Andreas Lilja and loses puck.
12:27 of 2nd period - Shot by Adam Hall.
12:27 of 2nd period - Shot Misses the Net.
12:29 of 2nd period - Shot by Drew Doughty.
12:29 of 2nd period - Shot Misses the Net.
12:31 of 2nd period - Shot by Adam Hall.
12:31 of 2nd period - Deflect By Derek Dorsett.
12:31 of 2nd period - Shot Misses the Net.
12:59 of 2nd period - Icing by Victor Hedman.
13:00 of 2nd period - Derek Dorsett wins face-off versus Kyle Brodziak in MapleLeafs zone.
13:00 of 2nd period - Derek Dorsett is hit by Kevin Bieksa.
13:03 of 2nd period - Minor Penalty to Kyle Brodziak for Hooking.
13:04 of 2nd period - Mike Fisher wins face-off versus Marc-Andre Bergeron in Flyers zone.
13:07 of 2nd period - Shot by Evgeni Malkin.
13:07 of 2nd period - Shot Misses the Net.
13:23 of 2nd period - Shot by Jay Harrison.
13:23 of 2nd period - Shot Misses the Net.
14:23 of 2nd period - Kyle Okposo is hit by Adam Henrique.
15:11 of 2nd period - Shot by Steve Sullivan.
15:11 of 2nd period - Stopped by Ryan Miller with a rebound.
15:13 of 2nd period - Shot by Kyle Okposo.
15:13 of 2nd period - Deflect By Steve Sullivan.
15:13 of 2nd period - Stopped by Ryan Miller without a rebound.
15:14 of 2nd period - Vernon Fiddler wins face-off versus Kyle Okposo in MapleLeafs zone.
15:38 of 2nd period - Icing by Jonathan Ericsson.
15:39 of 2nd period - Vernon Fiddler wins face-off versus Kyle Brodziak in MapleLeafs zone.
15:39 of 2nd period - Jonathan Ericsson is hit by Kyle Brodziak and loses puck.
15:49 of 2nd period - Jonathan Ericsson is hit by Luke Schenn.
16:50 of 2nd period - Greg Zanon is hit by Nikolai Kulemin and loses puck.
17:02 of 2nd period - Icing by Jonathan Ericsson.
17:03 of 2nd period - Vernon Fiddler wins face-off versus Mike Santorelli in MapleLeafs zone.
17:03 of 2nd period - Vernon Fiddler is hit by Niklas Hagman.
17:10 of 2nd period - Greg Zanon is hit by Kevin Bieksa.
17:28 of 2nd period - Shot by Patrick Marleau.
17:28 of 2nd period - Stopped by Devan Dubnyk with a rebound.
17:37 of 2nd period - Shot by Patrick Marleau.
17:37 of 2nd period - Stopped by Devan Dubnyk without a rebound.
17:38 of 2nd period - Kyle Brodziak wins face-off versus Vincent Lecavalier in Flyers zone.
17:45 of 2nd period - Shot by Marc-Andre Bergeron.
17:45 of 2nd period - Shot Misses the Net.
17:47 of 2nd period - Shot by Marc-Andre Bergeron.
17:47 of 2nd period - Stopped by Ryan Miller without a rebound.
17:48 of 2nd period - David Steckel wins face-off versus Mike Fisher in MapleLeafs zone.
17:55 of 2nd period - Shot by Gabriel Bourque.
17:55 of 2nd period - Stopped by Ryan Miller without a rebound.
17:56 of 2nd period - Justin Williams wins face-off versus Patrick Marleau in MapleLeafs zone.
18:31 of 2nd period - Shot by Marc-Andre Bergeron.
18:31 of 2nd period - Shot Blocked by Hal Gill.
18:33 of 2nd period - Shot by Marc-Andre Bergeron.
18:33 of 2nd period - Stopped by Ryan Miller without a rebound.
18:34 of 2nd period - Vincent Lecavalier wins face-off versus David Steckel in MapleLeafs zone.
18:59 of 2nd period - Shot by Gabriel Bourque.
18:59 of 2nd period - Shot Misses the Net.
19:01 of 2nd period - Shot by Jack Skille.
19:01 of 2nd period - Stopped by Ryan Miller without a rebound.
19:02 of 2nd period - Kyle Okposo wins face-off versus Derek Dorsett in MapleLeafs zone.

3rd period


0:01 of 3rd period - Mike Fisher wins face-off versus Kyle Brodziak in neutral zone.
0:08 of 3rd period - Shot by Patrick Marleau.
0:08 of 3rd period - Stopped by Devan Dubnyk without a rebound.
0:09 of 3rd period - Kyle Brodziak wins face-off versus Mike Fisher in Flyers zone.
0:14 of 3rd period - Drew Doughty is hit by Kyle Brodziak and loses puck.
0:18 of 3rd period - Icing by Drew Doughty.
0:19 of 3rd period - David Steckel wins face-off versus Patrick Marleau in MapleLeafs zone.
0:43 of 3rd period - David Steckel is hit by Mike Fisher and loses puck.
0:50 of 3rd period - Shot by Evgeni Malkin.
0:50 of 3rd period - Deflect By Patrick Marleau.
0:50 of 3rd period - Stopped by Devan Dubnyk without a rebound.
0:51 of 3rd period - Vincent Lecavalier wins face-off versus Kyle Brodziak in Flyers zone.
1:00 of 3rd period - Shot by Adam Henrique.
1:00 of 3rd period - Stopped by Devan Dubnyk without a rebound.
1:01 of 3rd period - Derek Dorsett wins face-off versus John Madden in Flyers zone.
1:33 of 3rd period - Shot by Derek Dorsett.
1:33 of 3rd period - Stopped by Devan Dubnyk with a rebound.
1:35 of 3rd period - Shot by Jonathan Ericsson.
1:35 of 3rd period - Stopped by Devan Dubnyk with a rebound.
1:42 of 3rd period - Minor Penalty to Derek Dorsett for Interference.
1:43 of 3rd period - David Steckel wins face-off versus Mike Fisher in MapleLeafs zone.
1:54 of 3rd period - Shot by Chris Pronger.
1:54 of 3rd period - Stopped by Ryan Miller without a rebound.
1:55 of 3rd period - Mike Fisher wins face-off versus Kyle Brodziak in MapleLeafs zone.
2:52 of 3rd period - Shot by Philip Larsen.
2:52 of 3rd period - Stopped by Ryan Miller without a rebound.
2:53 of 3rd period - Adam Hall wins face-off versus David Steckel in MapleLeafs zone.
3:10 of 3rd period - Shot by Kyle Okposo.
3:10 of 3rd period - Stopped by Ryan Miller without a rebound.
3:11 of 3rd period - Steve Sullivan wins face-off versus Adam Hall in MapleLeafs zone.
3:30 of 3rd period - Shot by Philip Larsen.
3:30 of 3rd period - Shot Misses the Net.
3:49 of 3rd period - Icing by Chris Pronger.
3:50 of 3rd period - Vernon Fiddler wins face-off versus John Madden in Flyers zone.
3:50 of 3rd period - Vernon Fiddler is hit by Kevin Bieksa.
4:45 of 3rd period - Icing by John Madden.
4:46 of 3rd period - John Madden wins face-off versus Mike Fisher in Flyers zone.
5:19 of 3rd period - Shot by Mike Fisher.
5:19 of 3rd period - Stopped by Devan Dubnyk without a rebound.
5:20 of 3rd period - Kyle Okposo wins face-off versus Vincent Lecavalier in Flyers zone.
5:27 of 3rd period - Shot by Adam Henrique.
5:27 of 3rd period - Deflect By Kris Versteeg.
5:27 of 3rd period - Shot Misses the Net.
5:35 of 3rd period - Shot by Adam Henrique.
5:35 of 3rd period - Stopped by Devan Dubnyk with a rebound.
5:42 of 3rd period - Brian Lee is hit by Jay Harrison and loses puck.
6:40 of 3rd period - Shot by Justin Williams.
6:40 of 3rd period - Stopped by Ryan Miller without a rebound.
6:41 of 3rd period - Mike Fisher wins face-off versus Gabriel Bourque in MapleLeafs zone.
7:00 of 3rd period - Shot by Patrick Marleau.
7:00 of 3rd period - Shot Misses the Net.
7:45 of 3rd period - Icing by David Steckel.
7:46 of 3rd period - Vernon Fiddler wins face-off versus David Steckel in Flyers zone.
8:07 of 3rd period - Shot by Kyle Brodziak.
8:07 of 3rd period - Shot Misses the Net.
8:17 of 3rd period - Shot by Kyle Brodziak.
8:17 of 3rd period - Shot Misses the Net.
8:19 of 3rd period - Shot by Kyle Brodziak.
8:19 of 3rd period - Shot Misses the Net.
8:21 of 3rd period - Shot by Brian Lee.
8:21 of 3rd period - Shot Misses the Net.
8:23 of 3rd period - Shot by Justin Williams.
8:23 of 3rd period - Stopped by Ryan Miller without a rebound.
8:24 of 3rd period - Derek Dorsett wins face-off versus Kyle Okposo in MapleLeafs zone.
8:29 of 3rd period - Andreas Lilja is hit by Derek Dorsett.
8:47 of 3rd period - Shot by Steve Sullivan.
8:47 of 3rd period - Shot Misses the Net.
8:49 of 3rd period - Shot by Steve Sullivan.
8:49 of 3rd period - Stopped by Ryan Miller with a rebound.
10:02 of 3rd period - Icing by Patrick Marleau.
10:03 of 3rd period - Mike Fisher wins face-off versus Gabriel Bourque in MapleLeafs zone.
11:02 of 3rd period - Jonathan Ericsson is hit by Andreas Lilja and loses puck.
11:08 of 3rd period - Kris Versteeg is hit by Andreas Lilja and loses puck.
11:19 of 3rd period - Shot by Adam Henrique.
11:19 of 3rd period - Deflect By Vincent Lecavalier.
11:19 of 3rd period - Shot Misses the Net.
12:09 of 3rd period - Marc-Andre Bergeron is hit by Drew Doughty and loses puck.
13:01 of 3rd period - Kevin Bieksa is hit by Greg Zanon and loses puck.
13:05 of 3rd period - Icing by Greg Zanon.
13:06 of 3rd period - Vernon Fiddler wins face-off versus John Madden in MapleLeafs zone.
13:06 of 3rd period - Vernon Fiddler is hit by Niklas Hagman.
13:35 of 3rd period - Icing by Chris Pronger.
13:36 of 3rd period - Mike Fisher wins face-off versus John Madden in Flyers zone.
14:10 of 3rd period - Chris Pronger is hit by Mike Fisher and loses puck.
14:31 of 3rd period - Off-side.
14:32 of 3rd period - Steve Sullivan wins face-off versus Vincent Lecavalier in neutral zone.
14:35 of 3rd period - Shot by Kyle Okposo.
14:35 of 3rd period - Stopped by Ryan Miller without a rebound.
14:36 of 3rd period - Vincent Lecavalier wins face-off versus Marc-Andre Bergeron in MapleLeafs zone.
14:41 of 3rd period - Shot by Kris Versteeg.
14:41 of 3rd period - Stopped by Devan Dubnyk without a rebound.
14:42 of 3rd period - Vincent Lecavalier wins face-off versus Marc-Andre Bergeron in Flyers zone.
14:45 of 3rd period - Shot by Kris Versteeg.
14:45 of 3rd period - Shot Misses the Net.
14:47 of 3rd period - Shot by Jay Harrison.
14:47 of 3rd period - Stopped by Devan Dubnyk without a rebound.
14:48 of 3rd period - Vincent Lecavalier wins face-off versus Kyle Brodziak in Flyers zone.
14:51 of 3rd period - Shot by Adam Henrique.
14:51 of 3rd period - Stopped by Devan Dubnyk without a rebound.
14:52 of 3rd period - Kyle Brodziak wins face-off versus Vincent Lecavalier in Flyers zone.
15:29 of 3rd period - Shot by Luke Schenn.
15:29 of 3rd period - Stopped by Ryan Miller without a rebound.
15:30 of 3rd period - Mike Fisher wins face-off versus Kyle Okposo in MapleLeafs zone.
15:39 of 3rd period - Shot by Evgeni Malkin.
15:39 of 3rd period - Shot Misses the Net.
15:55 of 3rd period - Steve Sullivan is hit by Victor Hedman and loses puck.
16:24 of 3rd period - Shot by David Steckel.
16:24 of 3rd period - Shot Misses the Net.
16:26 of 3rd period - Shot by Gabriel Bourque.
16:26 of 3rd period - Shot Misses the Net.
16:27 of 3rd period - Major / Game Misconduct Penalty to Drew Doughty for Checking from behind.
16:27 of 3rd period - Drew Doughty is ejected from game.
16:28 of 3rd period - Kyle Brodziak wins face-off versus Adam Hall in MapleLeafs zone.
16:31 of 3rd period - Shot by Marc-Andre Bergeron.
16:31 of 3rd period - Shot Misses the Net.
16:34 of 3rd period - Minor Penalty to Jonathan Ericsson for Holding.
16:35 of 3rd period - Kyle Brodziak wins face-off versus Adam Hall in MapleLeafs zone.
16:40 of 3rd period - Shot by Philip Larsen.
16:40 of 3rd period - Goal by Philip Larsen - MapleLeafs : 3 - Flyers : 3.
16:41 of 3rd period - Adam Hall wins face-off versus Kyle Brodziak in neutral zone.
16:47 of 3rd period - Icing by Kyle Brodziak.
16:48 of 3rd period - Adam Hall wins face-off versus Kyle Brodziak in Flyers zone.
16:55 of 3rd period - Shot by Greg Zanon.
16:55 of 3rd period - Shot Blocked by Philip Larsen.
17:21 of 3rd period - Philip Larsen is hit by Mike Fisher and loses puck.
18:12 of 3rd period - Shot by Chris Pronger.
18:12 of 3rd period - Shot Blocked by Greg Zanon.
18:14 of 3rd period - Shot by Chris Pronger.
18:14 of 3rd period - Stopped by Ryan Miller without a rebound.
18:15 of 3rd period - Adam Henrique wins face-off versus Kyle Brodziak in MapleLeafs zone.
19:14 of 3rd period - Shot by Kyle Okposo.
19:14 of 3rd period - Stopped by Ryan Miller without a rebound.
19:15 of 3rd period - Kyle Brodziak wins face-off versus Mike Fisher in MapleLeafs zone.
19:24 of 3rd period - Shot by Justin Williams.
19:24 of 3rd period - Stopped by Ryan Miller with a rebound.
19:41 of 3rd period - Icing by Chris Pronger.
19:42 of 3rd period - Kyle Brodziak wins face-off versus Adam Hall in Flyers zone.

Overtime #1


0:01 of 1st overtime period - Kyle Brodziak wins face-off versus Adam Hall in neutral zone.
1:10 of 1st overtime period - Shot by Kyle Okposo.
1:10 of 1st overtime period - Shot Misses the Net.
1:30 of 1st overtime period - Victor Hedman is hit by Kyle Okposo and loses puck.
2:33 of 1st overtime period - Shot by Patrick Marleau.
2:33 of 1st overtime period - Stopped by Devan Dubnyk without a rebound.
2:34 of 1st overtime period - Kyle Brodziak wins face-off versus Mike Fisher in Flyers zone.
3:46 of 1st overtime period - Icing by Philip Larsen.
3:47 of 1st overtime period - David Steckel wins face-off versus Mike Fisher in Flyers zone.
4:00 of 1st overtime period - Shot by Evgeni Malkin.
4:00 of 1st overtime period - Shot Misses the Net.
4:43 of 1st overtime period - Off-side.
4:44 of 1st overtime period - David Steckel wins face-off versus Vincent Lecavalier in neutral zone.
4:58 of 1st overtime period - Patrick Marleau is hit by Chris Pronger and loses puck.

ShootOut


5:00 of 1st overtime period - Penalty Shot by Evgeni Malkin for MapleLeafs.
5:00 of 1st overtime period - Stopped by Devan Dubnyk.
5:00 of 1st overtime period - Penalty Shot by Marc-Andre Bergeron for Flyers.
5:00 of 1st overtime period - Stopped by Ryan Miller.
5:00 of 1st overtime period - Penalty Shot by Kris Versteeg for MapleLeafs.
5:00 of 1st overtime period - Shot Misses the Net.
5:00 of 1st overtime period - Penalty Shot by Justin Williams for Flyers.
5:00 of 1st overtime period - Shot Misses the Net.
5:00 of 1st overtime period - Penalty Shot by Mike Fisher for MapleLeafs.
5:00 of 1st overtime period - Goal by Mike Fisher.
5:00 of 1st overtime period - Penalty Shot by Kyle Okposo for Flyers.
5:00 of 1st overtime period - Goal by Kyle Okposo.
5:00 of 1st overtime period - Penalty Shot by Patrick Marleau for MapleLeafs.
5:00 of 1st overtime period - Goal by Patrick Marleau.
5:00 of 1st overtime period - Penalty Shot by Steve Sullivan for Flyers.
5:00 of 1st overtime period - Stopped by Ryan Miller.


Output by the SimonT Hockey Simulator (STHS) for Stephane Roy -- Original Page W3C XHTML 1.0 Valid
Hockey Simulator - Hockey Simulation - Hockey Manager